AoeStats
← Goose

Arena

506140754Analyzed
4v4 RM · 21d ago on Sep 12, 2026· 41m 52s· 8 players
Game mode
Random Map
Map size
Large (8 player)
Population
200
Speed
Normal
Resources
Standard
Victory
Conquest
Starting age
Dark Age
Ending age
Imperial Age
RankedLock teamsTeams togetherTeam positionsShared explorationLock speedFull tech treeHidden civsTurbo modeCheats
Victory
Defeat
🇨🇳 Celts · China
1126
+13
🇨🇳 Teutons · China
1108
+14
🇻🇳 Vietnamese · Vietnam
1041
+17
🇦🇷 Mongols · Argentina
995
+19
🇬🇧 Ethiopians · United Kingdom
1072
-16
🇨🇴 Turks · Colombia
1064
-16
🇷🇺 Britons · Russia
1059
-16
🇺🇸 Persians · United States
1049
-15
Lil Bullz
10:21 Feudal Age
15:47 Castle Age
14:39 Double-Bit Axe
19:44 Wheelbarrow
20:35 Light Cavalry
22:04 Bow Saw
21:47 Gold Mining
21:50 Horse Collar
29:13 Imperial Age
29:06 Bloodlines
28:57 Husbandry
31:00 Cavalier
32:18 Kamandaran
32:09 Loom
33:22 Capped Ram
34:10 Crossbowman
34:55 Thumb Ring
35:04 Savar
37:17 Fletching
38:16 Pikeman
38:56 Squires
39:27 Gold Mining
39:45 Scale Barding Armor
39:36 Bodkin Arrow
Goose
9:28 Feudal Age
10:37 Double-Bit Axe
16:12 Castle Age
18:33 Bow Saw
25:34 Town Watch
29:18 Fletching
29:28 Padded Archer Armor
29:50 Ballistics
31:58 Gold Mining
32:59 Yeomen
32:49 Padded Archer Armor
33:09 Bodkin Arrow
34:31 Leather Archer Armor
37:12 Imperial Age
35:41 Guard Tower
37:28 Forging
37:55 Squires
37:16 Pikeman
38:19 Halberdier
39:26 Warwolf
40:52 Chemistry
41:36 Scale Mail Armor
AgEnT10101
0:28 Loom
11:12 Feudal Age
14:05 Double-Bit Axe
16:37 Castle Age
14:54 Stone Mining
16:14 Horse Collar
18:34 Gold Mining
23:47 Wheelbarrow
23:58 Heavy Plow
24:20 Bow Saw
27:44 Hand Cart
27:44 Scale Mail Armor
40:23 Squires
40:40 Chain Mail Armor
40:51 Forging
hargir
1:56 Loom
11:04 Feudal Age
15:50 Castle Age
14:12 Horse Collar
14:44 Double-Bit Axe
17:12 Bow Saw
29:28 Imperial Age
28:00 Wheelbarrow
27:19 Gold Mining
28:03 Forging
28:08 Heavy Plow
29:47 Iron Casting
30:03 Heavy Camel Rider
31:54 Scale Mail Armor
33:58 Chain Mail Armor
34:44 Blast Furnace
35:55 Plate Mail Armor
35:51 Ballistics
36:33 Padded Archer Armor
37:34 Bombard Tower
38:01 Town Watch
40:40 Scale Barding Armor
午夜屠猪男
9:25 Feudal Age
17:29 Castle Age
15:51 Double-Bit Axe
15:47 Horse Collar
17:36 Loom
31:39 Imperial Age
29:59 Bow Saw
29:51 Heavy Plow
30:43 Wheelbarrow
29:55 Town Watch
30:11 Gold Mining
30:12 Stone Mining
30:35 Bloodlines
30:31 Scale Barding Armor
30:36 Forging
31:24 Town Patrol
32:26 Chain Barding Armor
32:41 Iron Casting
32:48 Hand Cart
32:01 Cavalier
34:18 Two-Man Saw
33:50 Crop Rotation
33:43 Paladin
35:03 Plate Barding Armor
35:29 Blast Furnace
36:19 Blast Furnace
36:12 Conscription
36:16 Scale Mail Armor
38:55 Chain Mail Armor
40:13 Pikeman
40:38 Gambesons
40:53 Squires
40:38 Arson
40:47 Halberdier
dangphu252
11:50 Feudal Age
11:10 Loom
13:28 Double-Bit Axe
16:11 Castle Age
13:54 Horse Collar
17:37 Gold Mining
18:01 Bow Saw
18:22 Forging
18:30 Scale Mail Armor
22:52 Chain Mail Armor
24:01 Heavy Plow
27:20 Iron Casting
33:02 Wheelbarrow
32:12 Town Watch
33:30 Fletching
33:40 Padded Archer Armor
34:21 Elite Skirmisher
37:32 Imperial Age
36:09 Ballistics
38:33 Leather Archer Armor
38:14 Bodkin Arrow
41:44 Chemistry
42:16 Bodkin Arrow
hoangtan922
3:41 Loom
11:42 Feudal Age
15:40 Castle Age
13:49 Horse Collar
15:17 Double-Bit Axe
18:10 Gold Mining
19:48 Wheelbarrow
19:04 Town Watch
24:11 Bloodlines
24:03 Husbandry
25:41 Scale Barding Armor
31:29 Imperial Age
28:56 Stone Mining
29:42 Gold Shaft Mining
29:11 Heavy Plow
29:34 Bow Saw
30:26 Chain Barding Armor
30:18 Forging
30:49 Hand Cart
34:03 Iron Casting
33:21 Fletching
32:56 Elite Steppe Lancer
32:59 Light Cavalry
36:01 Blast Furnace
35:46 Bodkin Arrow
35:52 Padded Archer Armor
36:15 Ballistics
36:09 Hussar
37:34 Murder Holes
38:50 Bracer
39:06 Leather Archer Armor
41:03 Conscription
43:14 Chemistry
好邻居
2:17 Loom
12:04 Feudal Age
16:59 Castle Age
15:43 Double-Bit Axe
15:40 Horse Collar
15:56 Gold Mining
16:13 Stone Mining
18:12 Wheelbarrow
18:21 Bow Saw
18:32 Heavy Plow
23:10 Hand Cart
31:14 Imperial Age
29:25 Gold Shaft Mining
28:40 Town Watch
31:18 Ballistics
33:08 Chemistry
32:36 Conscription
32:27 Furor Celtica
31:51 Heavy Scorpion
32:56 Pikeman
33:35 Halberdier
35:34 Forging
35:25 Scale Mail Armor
35:33 Siege Engineers
35:40 Masonry
35:41 Fortified Wall
36:35 Town Patrol
37:13 Iron Casting
38:54 Chain Mail Armor
39:39 Blast Furnace
38:25 Treadmill Crane
41:03 Plate Mail Armor
Connection lost

Rejoining the realm…

Still unreachable

The connection could not be restored.

Session expired

The server has moved on; the page needs a fresh start.